 Dungeon Sprint DCSS version 0.26-a0-1177-g1209ec82b9 (webtiles) character file.

Game seed: 7932482585811218830

1494 Asceticacid the Imperceptible (level 8, -6/58 HPs)
             Began as a Vine Stalker Berserker on Dec 24, 2020.
             Was an Elder of Trog.
             Mangled by a vampire (8 damage)
             ... in the Dungeon (Sprint IX: "|||||||||||||||||||||||||||||").
             The game lasted 00:00:55 (156 turns).

Asceticacid the Imperceptible (VSBe)                 Turns: 156, Time: 00:00:56

Health: -6/58      AC:  2    Str: 20    XL:     8   Next: 81%
Magic:  0/9        EV: 14    Int:  7    God:    Trog [****..]
Gold:   0          SH:  0    Dex: 19    Spells: 7/7 levels left

rFire    . . .     SeeInvis .   k - +2 rapier (venom)
rCold    . . .     Faith    .   (no shield)
rNeg     . . .     Spirit   +   b - +0 animal skin
rPois    .         Reflect  .   (no helmet)
rElec    .         Harm     .   (no cloak)
rCorr    .         Rampage  .   (no gloves)
Will     +....     NoTele   +   (no boots)
Stlth    ..........             (no amulet)
HPRegen  0.59/turn              m - +3 ring of dexterity
MPRegen  0.11/turn              l - +2 ring of evasion

@: berserking, very quick
A: fangs 3, regeneration 1, magic shield, antimagic bite, no potion heal 3
a: Renounce Religion, Berserk, Trog's Hand, Brothers in Arms


You were in the Dungeon.
You worshipped Trog.
Trog was greatly pleased with you.
You visited 1 branch

Inventory:

Hand Weapons
 a - a +0 short sword
 k - a +2 rapier of venom (weapon)
Armour
 b - a +0 animal skin (worn)
Jewellery
 l - a +2 ring of evasion (right hand)
 m - a +3 ring of dexterity (left hand)
Wands
 j - a wand of iceblast (10)
Scrolls
 g - 2 scrolls of blinking
 i - 3 scrolls of remove curse
Potions
 c - 5 potions of curing
 d - a potion of haste
 e - 4 potions of magic
 f - a potion of berserk rage
 h - a potion of invisibility


   Skills:
 - Level 2.6 Fighting
 - Level 2.6 Short Blades
 - Level 1.5 Armour
 - Level 1.5 Dodging
 + Level 21.8 Stealth


You had 7 spell levels left.
You didn't know any spells.
Your spell library was empty.

Dungeon Overview and Level Annotations

Branches:
Dungeon (1/1)

Altars:
Cheibriados
Dithmenos
Elyvilon
Fedhas
Gozag
Hepliaklqana
Kikubaaqudgha
Makhleb
Nemelex Xobeh
Okawaru
Qazlal
Ru
Sif Muna
Trog
Uskayaw
Vehumet
Wu Jian
Xom
Yredelemnul
Zin
The Shining One
Beogh
Jiyva
Lugonu


Innate Abilities, Weirdness & Mutations

You have razor-sharp teeth.
Your natural rate of healing is unusually fast.
When hurt, damage is shared between your health and your magic reserves.
Your bite disrupts and absorbs the magic of your enemies.
Potions cannot restore your health.


Message History

* * * LOW HITPOINT WARNING * * *
Something draws strength from your injuries!
You barely miss something. You bite something! You drain its magic.
You feel invigorated.
You puncture something! Trog accepts your kill.
Trog appreciates your killing of a magic user.
Reactivating autopickup.
You feel a bit more experienced.
Deactivating autopickup; reactivate with Ctrl-A.
You hit something. Your bite misses something. Something hits you!
* * * LOW HITPOINT WARNING * * *
Something bites you.
* * * LOW HITPOINT WARNING * * *
Something draws strength from your injuries!
You closely miss something. You bite something! You drain its magic.
You feel invigorated. Something hits you.
* * * LOW HITPOINT WARNING * * *
Something bites you!
You die...

▓.▓
▓[▓
▓[▓
▓[▓
▓.▓
▓.▓
▓'▓
▓.▓
▓@▓
▓{▓
▓Z▓
▓.▓
▓.▓
▓'▓
▓)▓
▓)▓
▓.▓


You could see a bat zombie.

Vanquished Creatures
  A tengu warrior (D)
  A gargoyle (D)
  A vampire (D)
  An ice beast (D)
  A necrophage (D)
  An ogre (D)
  2 centaurs (D)
  A wight (D)
  A howler monkey (D)
  A white imp (D)
  A leopard gecko (D)
  An orc (D)
  A bat (D)
  A bat zombie (D)
  A jackal (D)
  3 kobolds (D)
19 creatures vanquished.

Notes
Turn   | Place    | Note
-------+----------+-------------------------------------------
     0 | D        | Asceticacid the Vine Stalker Berserker began the quest for
                  | the Orb.
     0 | D        | Reached XP level 1. HP: 11/11 MP: 2/2
     5 | D        | Reached skill level 2 in Stealth
    14 | D        | Reached ** piety under Trog
    15 | D        | Reached skill level 3 in Stealth
    17 | D        | Reached skill level 4 in Stealth
    24 | D        | Noticed an ogre
    24 | D        | Noticed a necrophage
    24 | D        | Noticed a centaur
    28 | D        | Killed an ogre
    29 | D        | Reached skill level 11 in Stealth
    29 | D        | Reached XP level 2. HP: 16/16 MP: 1/3
    29 | D        | Reached XP level 3. HP: 19/19 MP: 1/4
    29 | D        | Gained mutation: Your natural rate of healing is unusually
                  | fast. [Vine Stalker growth]
    29 | D        | Reached XP level 4. HP: 23/23 MP: 1/5
    34 | D        | Killed a necrophage
    34 | D        | Reached *** piety under Trog
    35 | D        | Reached skill level 13 in Stealth
    35 | D        | Reached XP level 5. HP: 27/27 MP: 2/6
    38 | D        | Killed a centaur
    39 | D        | Reached skill level 15 in Stealth
    39 | D        | Reached XP level 6. HP: 32/32 MP: 7/7
    46 | D        | Found a roughly hewn altar of Beogh.
    46 | D        | Found a snail-covered altar of Cheibriados.
    46 | D        | Found a shadowy altar of Dithmenos.
    46 | D        | Found a white marble altar of Elyvilon.
    46 | D        | Found a blossoming altar of Fedhas.
    46 | D        | Found an opulent altar of Gozag.
    47 | D        | Found a hazy altar of Hepliaklqana.
    48 | D        | Found a viscous altar of Jiyva.
    49 | D        | Found an ancient bone altar of Kikubaaqudgha.
    50 | D        | Found a corrupted altar of Lugonu.
    51 | D        | Found a burning altar of Makhleb.
    52 | D        | Found a sparkling altar of Nemelex Xobeh.
    53 | D        | Found an iron altar of Okawaru.
    54 | D        | Found a stormy altar of Qazlal.
    55 | D        | Found a sacrificial altar of Ru.
    56 | D        | Found a shimmering blue altar of Sif Muna.
    57 | D        | Found a bloodstained altar of Trog.
    58 | D        | Found a hide-covered altar of Uskayaw.
    59 | D        | Found a radiant altar of Vehumet.
    60 | D        | Found an ornate altar of the Wu Jian Council.
    61 | D        | Found a shimmering altar of Xom.
    62 | D        | Found a basalt altar of Yredelemnul.
    63 | D        | Found a glowing silver altar of Zin.
    64 | D        | Found a glowing golden altar of the Shining One.
    92 | D        | Noticed an ice beast
    92 | D        | Noticed a gargoyle
    94 | D        | Reached **** piety under Trog
    97 | D        | Reached skill level 16 in Stealth
   100 | D        | Killed an ice beast
   101 | D        | Reached skill level 17 in Stealth
   101 | D        | Reached XP level 7. HP: 28/35 MP: 8/8
   105 | D        | Killed a gargoyle
   106 | D        | Reached skill level 19 in Stealth
   106 | D        | Reached ***** piety under Trog
   126 | D        | Noticed a tengu warrior
   126 | D        | Noticed a vampire
   126 | D        | Noticed a vampire
   130 | D        | Killed a tengu warrior
   131 | D        | Reached skill level 21 in Stealth
   131 | D        | Gained mutation: You have razor-sharp teeth. [Vine Stalker
                  | growth]
   131 | D        | Reached XP level 8. HP: 39/39 MP: 9/9
   154 | D        | Killed a vampire
   156 | D        | HP: 2/58 [something (2)]
   156 | D        | Mangled by a vampire

Illustrated notes

Levels and vault maps discovered:
D:        linesprint [early_d, line_temple, items_1, d_10, items_2, lair_1,
          lair_end, items_3, orc_1, orc_end, items_4, d_15, swamp_1, shoals_1,
          snake_1, spider_1, d_20, vaults_1, items_5, swamp_end, shoals_end,
          snake_end, spider_end, vaults_end, d_27, items_6, zot_1, zot_end,
          crypt_end, forest_end, elf_end, slime_end, tomb_end, abyss_end,
          pan_hell_end]

Skill      XL: |  1  2  3  4  5  6  7 |
---------------+----------------------+-----
Stealth        | 11 13 15 17 21 | 21.8
Fighting       | |  2.6
Short Blades   | |  2.6
Armour         | |  1.5
Dodging        | |  1.5

Action                   |  1- 3 |  4- 6 |  7- 9 || total
-------------------------+-------+-------+-------++-------
Melee: Short sword       |    15 |    12 |       ||    27
       Bite              |     2 |     3 |     6 ||    11
       Rapier            |       |     5 |    15 ||    20
Invok: Berserk           |     1 |     1 |     1 ||     3
       Trog's Hand       |     1 |       |     1 ||     2
       Brothers in Arms  |       |       |     2 ||     2
 Stab: Sleeping          |     1 |     2 |     2 ||     5
Armor: Animal skin       |     3 |     1 |       ||     4
Dodge: Dodged            |     5 |     5 |     6 ||    16

Table legend: (Time is in decaauts)
 A = Elapsed time spent in this place.
 B = Non-inter-level travel time spent in this place.
 C = Inter-level travel time spent in this place.
 D = Time resting spent in this place.
 E = Time spent auto-exploring this place.
 F = Levels seen in this place.
 G = Mean time per level.
                   A        B        C        D        E       F      G
               +--------+--------+--------+--------+--------+-----+--------+
         Total |    169 |    169 |      0 |      0 |      0 |   1 |  169.0 |
       Dungeon |    169 |    169 |      0 |      0 |      0 |   1 |  169.0 |
               +--------+--------+--------+--------+--------+-----+--------+

Top non-repeatable levels by time:
       D: 169 daAuts
